 Adventure DCSS version bcrawl-1.27.3 (webtiles) character file.

Game seed: 3024721831660895082

147320 galech the Shield-Bearer (level 4, 4/35 HPs)
             Began as a Demonspawn Fighter on July 31, 2020.
             Quit the game on level 1 of the Dungeon.
             The game lasted 00:01:39 (1289 turns).

galech the Shield-Bearer (Demonspawn Fighter)       Turns: 1289, Time: 00:01:39

Health: 4/35       AC:  6    Str: 16    XL:     4   Next: 4%
Magic:  1/4        EV:  5    Int: 16    God:
Gold:   121        SH:  9    Dex: 13    Spells: 3/3 levels left
                                        Lives:  2   Deaths: 0

rFire    . . .     SeeInvis .   a - +0 war axe
rCold    . . .     Gourm    .   c - +0 medium shield
rNeg     . . .     Faith    .   b - +0 scale mail
rPois    .         Spirit   +   (no helmet)
rElec    .         Reflect  .   (no cloak)
rCorr    .         Harm     .   (no gloves)
MR       .....                  (no boots)
Stlth    +.........             j - amulet of guardian spirit
HPRegen  0.11/turn              m - +6 ring of intelligence
MPRegen  0.09/turn              (no ring)

@: no status effects
A: claws 1, nightstalker 1
a: no special abilities


You were on level 1 of the Dungeon.
You were hungry.

You visited 1 branch of the dungeon, and saw 2 of its levels.

You collected 121 gold pieces.

Inventory:

Hand Weapons
 a - a +0 war axe (weapon)
Missiles
 h - 2 throwing nets {=f}
Armour
 b - a +0 scale mail (worn)
 c - a +0 medium shield (worn)
Jewellery
 j - an amulet of guardian spirit (around neck)
 m - a +6 ring of intelligence (left claw)
Scrolls
 i - a scroll of identify
 l - a scroll of amnesia {unknown}
Potions
 d - a potion of might
 f - a potion of curing {unknown}
 g - a potion of mutation {unknown}
Comestibles
 e - 3 rations {!d}
 k - 9 chunks of flesh


   Skills:
 + Level 3.3 Fighting
 + Level 2.5 Axes
 + Level 3.1 Armour
 + Level 0.2 Dodging
 + Level 3.4 Shields


You had 3 spell levels left.
You didn't know any spells.
Your spell library was empty.

Dungeon Overview and Level Annotations

Branches:
Dungeon (2/12)

Altars:


Innate Abilities, Weirdness & Mutations

You have sharp fingernails.
You are slightly more attuned to the shadows.


Message History

You block the gnoll's attack.
You closely miss the gnoll.
The gnoll is moderately wounded.
You block the gnoll's attack.
You are feeling hungry.
You hit the gnoll.
The gnoll is heavily wounded.
You block the gnoll's attack.
You slash the gnoll!
You kill the gnoll!
You have reached level 4!
You feel clever.
Your demonic ancestry asserts itself...
You slip into the darkness of the dungeon.
Items here: )) ÷ † a +0 flail; a +0 spear; a gnoll corpse; a gnoll skeleton You butcher the gnoll corpse.
k - 9 chunks of flesh (gained 4)
Items here: )) ÷÷ a +0 flail; a +0 spear; a gnoll skeleton x2
Are you sure you want to abandon this character and quit the game? (Confirm with "yes".)

.)..........# #.#
.#####.###.## #.#
.# #.# #.# #.#
[#####.# #.# #.#
.##.##.# #.# #.#
.#...#.# #.# #.#
.......###.# #.#
..........^# #.#
#......##.## #@#
##.....##.# #>#
###.#..##.# #.#
#......#.######.#
#.##..##........#
#.##.###.########
#.##.# #.#
#.##.###.#
#.##.....#


There were no monsters in sight!

Vanquished Creatures
  3 gnolls (D:1)
  An ooze (D:2)
  A worm (D:2)
  A dart slug (D:1)
  2 leopard geckos
  A ball python (D:1)
  3 giant cockroaches (D:1)
  4 goblins (D:1)
  3 hobgoblins
  2 jackals (D:1)
  3 kobolds
  A bat (D:1)
  2 frilled lizards
  3 rats (D:1)
30 creatures vanquished.

Notes
Turn   | Place    | Note
-------+----------+-------------------------------------------
     0 | D:1      | galech the Demonspawn Fighter began the quest for the Orb.
     0 | D:1      | Reached XP level 1. HP: 18/18 MP: 1/1
    42 | D:1      | Gained mutation: You have sharp fingernails. [demonic
                  | ancestry]
    42 | D:1      | Reached XP level 2. HP: 23/24 MP: 2/2
   707 | D:2      | Reached XP level 3. HP: 29/29 MP: 3/3
  1285 | D:1      | Gained mutation: You are slightly more attuned to the
                  | shadows. [demonic ancestry]
  1285 | D:1      | Reached XP level 4. HP: 4/35 MP: 1/4
  1289 | D:1      | Quit the game

Skill      XL: |  1  2 |
---------------+-------+-----
Shields        | 3 |  3.4
Armour         | 3 |  3.1
Axes           | 2 |  2.5
Fighting       | |  3.3
Dodging        | |  0.2

Action                   |  1- 3 |  4- 6 || total
-------------------------+-------+-------++-------
Melee: War axe           |   100 |       ||   100
  Eat: Chunk             |     5 |       ||     5
Armor: Scale mail        |    51 |       ||    51
Dodge: Dodged            |    29 |       ||    29
Block: Medium shield     |    77 |       ||    77
